 Dungeon Crawl Stone Soup version 0.30-a0-779-g7971cf19c3 (webtiles) character file.

Game seed: 9601862311077280227

88 cforsyth the Firebug (level 4, -2/24 HPs)
             Began as a Tengu Fire Elementalist on Feb 17, 2023.
             Slain by Grinder (5 damage)
             ... on level 3 of the Dungeon.
             The game lasted 00:03:34 (2931 turns).

cforsyth the Firebug (Tengu Fire Elementalist)      Turns: 2931, Time: 00:03:34

Health: -2/24      AC:  3    Str: 16    XL:     4   Next: 54%
Magic:  0/9        EV: 12    Int: 16    God:
Gold:   123        SH:  0    Dex: 14    Spells: 7/8 levels left

rFire   . . .      SeeInvis .    (no weapon)
rCold   . . .      Faith    .    (no shield)
rNeg    . . .      Spirit   .    a - +0 robe
rPois   .          Reflect  .    (helmet restricted)
rElec   .          Harm     .    (no cloak)
rCorr   .          Rampage  .    i - +0 pair of gloves
Will    .....                    (boots unavailable)
Stlth   ++                       (no amulet)
HPRegen 0.24/turn                l - +6 ring of strength
MPRegen 0.11/turn                (no ring)

@: very slightly contaminated
A: beak, talons 3
a: no special abilities


You were on level 3 of the Dungeon.
You visited 1 branch of the dungeon, and saw 3 of its levels.

You collected 123 gold pieces.

Inventory:

Armour
 a - a +0 robe (worn)
 i - a +0 pair of gloves (worn)
Jewellery
 l - a +6 ring of strength (left hand)
Scrolls
 d - 2 scrolls of blinking {unknown}
 f - 3 scrolls of fear {unknown}
 j - a scroll of magic mapping {unknown}
 k - a scroll of identify {unknown}
 n - a scroll of fog {unknown}
 o - a scroll of enchant weapon {unknown}
 p - a scroll of enchant armour {unknown}
Potions
 b - 2 potions of magic
 c - 2 potions of attraction {unknown}
 e - a potion of brilliance {unknown}
 g - 2 potions of lignification {unknown}
 h - a potion of berserk rage {unknown}
 m - a potion of degeneration {unknown}


   Skills:
 - Level 2.1 Dodging
 - Level 2.0 Stealth
 + Level 2.9 Spellcasting
 + Level 3.3 Conjurations
 + Level 4.2 Fire Magic


You had 7 spell levels left.
You knew the following spells:

 Your Spells              Type           Power      Damage    Failure   Level
a - Foxfire               Conj/Fire      56%        2x1d6     4%          1

Your spell library contained the following spells:

 Spells                   Type           Power      Damage    Failure   Level
 Scorch                   Fire           30%        2d6       4%          2
 Inner Flame              Hex/Fire       9%         N/A       24%         3
 Hailstorm                Conj/Ice       7%         3d4       28%         3
 Kindle Blastsparks       Fire/Tloc/Air  12%        2d11      32%         3
 Flame Wave               Conj/Fire      14%        2d6       36%         4
 Ice Form                 Ice/Tmut       2%         N/A       88%         4
 Simulacrum               Ice/Necr       1%         N/A       100%        6


Dungeon Overview and Level Annotations

Branches:
Dungeon (3/15)

Altars:
Hepliaklqana

Annotations:
D:3 Grinder


Innate Abilities, Weirdness & Mutations

You have a beak for a mouth.
You have claws for feet.


Message History

The foxfire hits Grinder.
Grinder is heavily wounded.
The foxfire hits Grinder but does no damage.
Grinder is heavily wounded.
You miscast Foxfire.
You are very lightly contaminated with residual magic.
Nothing appears to happen.
The foxfire hits Grinder but does no damage.
Grinder is heavily wounded.
The foxfire hits Grinder.
Grinder is heavily wounded.
Grinder hits you!
You conjure some foxfire!
Grinder gestures at you.
You suddenly lose the ability to move!
The foxfire hits Grinder.
Grinder is heavily wounded.
The foxfire hits Grinder.
Grinder is heavily wounded.
Grinder drinks a potion.
Grinder is healed!
You can move again.
Unknown command.
Unknown command.
Unknown command.
Unknown command.
Unknown command.
Casting: Foxfire (safe; 4% risk of failure)
Confirm with . or Enter, or press ? or * to list all spells.
You conjure some foxfire!
Grinder hits you.
You writhe in agony.
* * * LOW HITPOINT WARNING * * *
Unknown command.
Unknown command.
Casting: Foxfire (safe; 4% risk of failure)
Confirm with . or Enter, or press ? or * to list all spells.
You conjure some foxfire!
The foxfire hits Grinder.
Grinder is lightly wounded.
The foxfire hits Grinder but does no damage.
Grinder is lightly wounded.
Grinder hits you.
You die...

.....
#..#.##......... ....
#..#.##†....)... ####
#..#.##......... ##
#..#.##.##...... ...
#..)........###. ....
#....##.#...# .....
#.....#.#...#
#.....#§§...........
......v@....#....#...
......#5v...#....##.#
#.....#.....#....# .#
#.... #...#.#....#
#.### #...#.# # #<..#
# #...# #...#


You could see Grinder (ally target).

Vanquished Creatures
  An orc priest (D:3)
  An adder (D:3)
  A worm (D:2)
  A dart slug (D:3)
  An orc (D:3)
  3 endoplasms
  5 giant cockroaches
  5 goblins
  5 hobgoblins
  A quokka (D:1)
  7 ball pythons
  2 bats
  2 frilled lizards
  3 kobolds
  3 rats
41 creatures vanquished.

Vanquished Creatures (others)
  215 foxfires
215 creatures vanquished.

Grand Total: 256 creatures vanquished

Notes
Turn   | Place    | Note
-------+----------+-------------------------------------------
     0 | D:1      | cforsyth the Tengu Fire Elementalist began the quest for
                  | the Orb.
     0 | D:1      | Reached XP level 1. HP: 10/10 MP: 4/4
   264 | D:1      | Reached XP level 2. HP: 15/15 MP: 1/6
  1429 | D:2      | Reached XP level 3. HP: 19/19 MP: 2/7
  1629 | D:2      | Found a hazy altar of Hepliaklqana.
  2612 | D:3      | Found a faded altar of an unknown god.
  2795 | D:3      | Reached skill level 4 in Fire Magic
  2807 | D:3      | Reached XP level 4. HP: 24/24 MP: 0/9
  2920 | D:3      | Noticed Grinder
  2928 | D:3      | Paralysed by Grinder for 2 turns
  2931 | D:3      | Slain by Grinder

Illustrated notes

Levels and vault maps discovered:
D:1:      dpeg_arrival_radiant, layout_basic, minmay_misc_feat_tower
D:2:      layout_basic, basic_altar
D:3:      layout_basic, nicolae_overflow_ecumenical_swirl,
          gammafunk_ghost_smash, uniq_grinder

Skill      XL: |  1  2  3 |
---------------+----------+-----
Conjurations   | 2 3 |  3.3
Fire Magic     | 4 |  4.2
Dodging        | |  2.1
Stealth        | |  2.0
Spellcasting   | |  2.9

Action                     |  1- 3 |  4- 6 || total
---------------------------+-------+-------++-------
  Melee: Unarmed           |     4 |       ||     4
         Peck              |     1 |       ||     1
   Cast: Foxfire           |   109 |    11 ||   120
 Armour: Robe              |     2 |       ||     2
  Dodge: Dodged            |    11 |       ||    11

Table legend: (Time is in decaauts)
 A = Elapsed time spent in this place.
 B = Non-inter-level travel time spent in this place.
 C = Inter-level travel time spent in this place.
 D = Time resting spent in this place.
 E = Time spent auto-exploring this place.
 F = Levels seen in this place.
 G = Mean time per level.
                   A        B        C        D        E       F      G
               +--------+--------+--------+--------+--------+-----+--------+
         Total |   2930 |   2873 |     57 |      0 |   2567 |   3 |  976.7 |
       Dungeon |   2930 |   2873 |     57 |      0 |   2567 |   3 |  976.7 |
               +--------+--------+--------+--------+--------+-----+--------+

Top non-repeatable levels by time:
     D:1: 1313 daAuts
     D:2: 1107 daAuts
     D:3: 509 daAuts
